 Dungeon Crawl Stone Soup version 0.31.0 (webtiles) character file.

Game seed: 1974166090740973399

285 qw the Shooter (level 6, -3/38 HPs)
             Began as a Gargoyle Hunter on Jan 19, 2024.
             Slain by an orc
             ... wielding a +0 mace
              (5 damage)
             ... on level 3 of the Dungeon.
             The game lasted 00:00:09 (2082 turns).

qw the Shooter (Gargoyle Hunter)                    Turns: 2082, Time: 00:00:09

Health: -3/38      AC:  9    Str: 14    XL:     6   Next: 29%
Magic:  6/6        EV: 11    Int: 10    God:
Gold:   179        SH:  0    Dex: 21    Spells: 5/5 levels left

rFire   . . .        a - +0 shortbow
rCold   + . .        (shield currently unavailable)
rNeg    + . .        i - +0 ring mail
rPois   inf          (no helmet)
rElec   +            (no cloak)
rCorr   .            (no gloves)
SInv    .            (no boots)
Will    .....        (no amulet)
Stlth   +            d - ring of protection from cold
HPRegen 0.26/turn    g - +6 ring of dexterity
MPRegen 0.10/turn

%: no passive effects
@: no status effects
A: sickness immunity, AC +4, negative energy resistance 1, electricity
resistance, torment resistance 1, petrification resistance
a: no special abilities


You were on level 3 of the Dungeon.
You visited 1 branch of the dungeon, and saw 3 of its levels.

You collected 179 gold pieces.


Innate Abilities, Weirdness & Mutations

You are immune to sickness and miasma.
Your stone body is resilient. (AC +4)
You are immune to poison.
You resist negative energy. (rN+)
You are resistant to electric shocks. (rElec)
You are resistant to unholy torment.
You are immune to petrification.


   Skills:
 - Level 4.0 Fighting
 + Level 6.3 Ranged Weapons
 - Level 1.9 Armour
 - Level 1.6 Dodging
 - Level 1.1 Stealth


You had 5 spell levels left.
You didn't know any spells.
Your spell library was empty.

Inventory:

Hand Weapons
 a - a +0 shortbow (weapon)
Armour
 i - a +0 ring mail (worn)
Jewellery
 c - an amulet of regeneration
 d - a ring of protection from cold (left hand)
 g - a +6 ring of dexterity (right hand)
 h - a ring of resist corrosion
Scrolls
 e - a scroll of identify
 n - a scroll of fog {unknown}
Potions
 b - 4 potions of cancellation {unknown}
 f - a potion of invisibility {unknown}
 j - 3 potions of curing
 k - a potion of haste {unknown}
 l - a potion of mutation {unknown}
 m - a potion of attraction {unknown}

Dungeon Overview and Level Annotations

Branches:
Dungeon (3/15)

Altars:
Nemelex Xobeh


Message History

You shoot an arrow. The arrow hits the orc wizard!
You kill the orc wizard!
You shoot an arrow. The arrow barely misses the orc wizard.
The orc hits you but does no damage.
The orc wizard hits you with a +0 dagger of freezing.
The orc barely misses you. The orc hits you with a +0 flail.
The orc wizard hits you with a +0 dagger of freezing.
The orc priest mumbles some strange prayers to Beogh against you.
Pain shoots through your body! The orc hits you but does no damage.
You shoot an arrow.
The arrow hits the orc wizard but does no damage.
The orc priest closely misses you. The orc hits you but does no damage.
The orc wizard points at you and mumbles some strange words.
You resist with some effort. The orc hits you but does no damage.
You shoot an arrow. The arrow hits the orc wizard.
The orc wizard is lightly wounded.
The orc priest closely misses you. The orc barely misses you.
The orc wizard hits you but does no damage.
The orc hits you but does no damage.
You shoot an arrow. The arrow hits the orc wizard.
The orc wizard is moderately wounded.
The orc priest hits you but does no damage.
The orc misses you.
The orc wizard points at you and mumbles some strange words.
The magic dart hits you. The orc closely misses you.
You shoot an arrow.
The arrow hits the orc wizard but does no damage.
The orc wizard is moderately wounded.
The orc priest hits you but does no damage.
The orc hits you with a +0 mace.
The orc wizard hits you with a +0 dagger of freezing.
The orc wizard freezes you. The orc hits you but does no damage.
You shoot an arrow. The arrow hits the orc wizard.
The orc wizard is severely wounded.
The orc priest closely misses you. The orc hits you but does no damage.
The orc wizard hits you with a +0 dagger of freezing.
The orc closely misses you. The orc hits you with a +0 flail.
The orc wizard barely misses you. The orc priest closely misses you.
The orc hits you with a +0 mace.
You die...

...>...###########
.................#
[....#...........#
.....#...........#
.....#...........#
.....#...........#
.....#...........#
.....#...........##
.....#.........o@o#
.....##########o#o#
.....+ .......
.....# ###.#####
.....# #.. ######
### .... .....
.....+


You could see an orc priest, an orc wizard and 2 orcs.

Vanquished Creatures
  An ogre (D:2)
  A bombardier beetle (D:3)
  An orc priest (D:3)
  An orc wizard (D:3)
  3 adders
  4 ribbon worms
  3 dart slugs
  9 orcs (D:3)
  5 ball pythons
  6 endoplasms
  4 giant cockroaches
  2 goblins (D:3)
  3 hobgoblins
  2 quokkas
  4 bats
  4 frilled lizards
  8 kobolds
  6 rats
67 creatures vanquished.

Notes
Turn   | Place    | Note
-------+----------+-------------------------------------------
     0 | D:1      | qw the Gargoyle Hunter began the quest for the Orb.
     0 | D:1      | Reached XP level 1. HP: 12/12 MP: 1/1
     0 | D:1      | 0 ||| qw: Version: 0.3-a-132-g3d54051
     0 | D:1      | 0 ||| qw: Game counter: 418
     0 | D:1      | 0 ||| qw: Melee chars always use a shield: true
     0 | D:1      | 0 ||| qw: God list: Okawaru
     0 | D:1      | 0 ||| qw: Allow faded altars: false
     0 | D:1      | 0 ||| qw: Do Orc after clearing Dungeon:15 true
     0 | D:1      | 0 ||| qw: Do second Lair branch before Depths: true
     0 | D:1      | 0 ||| qw: Lair rune preference: random
     0 | D:1      | 0 ||| qw: Goals: Normal
     0 | D:1      | 0 ||| PLANNING D:1-11
    73 | D:1      | Reached XP level 2. HP: 13/17 MP: 2/2
   334 | D:1      | Reached XP level 3. HP: 14/21 MP: 3/3
   539 | D:1      | 539 ||| UPGRADING to ring of protection from cold.
   540 | D:1      | 540 ||| UPGRADING to +6 ring of dexterity.
   541 | D:1      | 541 ||| READING scroll labelled OHEGIO IWKITEY.
   542 | D:1      | 542 ||| DROPPING scroll of butterflies.
   615 | D:2      | Reached skill level 5 in Ranged Weapons
   647 | D:2      | 647 ||| FLEEEEING.
   866 | D:2      | Reached skill level 3 in Fighting
   918 | D:2      | 918 ||| FLEEEEING.
  1044 | D:2      | Reached XP level 4. HP: 28/28 MP: 4/4
  1147 | D:2      | Found a sparkling altar of Nemelex Xobeh.
  1148 | D:2      | Noticed an ogre
  1156 | D:2      | Killed an ogre
  1157 | D:2      | Reached skill level 6 in Ranged Weapons
  1157 | D:2      | Reached XP level 5. HP: 32/32 MP: 5/5
  1580 | D:2      | 1580 ||| UPGRADING to +0 ring mail.
  1590 | D:2      | 1590 ||| DROPPING +0 leather armour.
  1591 | D:2      | 1591 ||| READING scroll labelled NANUENGAPTA.
  1591 | D:2      | 1591 ||| IDENTIFYING fizzy amethyst potion
  1592 | D:2      | 1592 ||| DRINKING 2 fizzy orange potions.
  1593 | D:2      | 1593 ||| DROPPING potion of ambrosia.
  1674 | D:3      | HP: 3/32 [orc priest/divine providence (13)]
  1675 | D:3      | HP: 1/32 [goblin/+0 club (2)]
  1677 | D:3      | Reached skill level 1 in Armour
  1680 | D:3      | 1680 ||| FLEEEEING.
  1988 | D:3      | Reached XP level 6. HP: 38/38 MP: 6/6
  2073 | D:3      | 2073 ||| DRINKING 4 potions of curing.
  2073 | D:3      | 2073 ||| (to cure confusion)
  2081 | D:3      | HP: 8/38 [orc/+0 mace (4)]
  2081 | D:3      | HP: 3/38 [orc wizard/+0 dagger of freezing (1)]
  2082 | D:3      | Slain by an orc

Levels and vault maps discovered:
D:1:      sevenhm_arrival_forest_fort_small_3, layout_rooms,
          nrook_loot_triangle, minmay_three_crescents
D:2:      layout_basic, basic_altar, nicolae_wormholes
D:3:      layout_basic, mainiacjoe_overflow_alcove_4, kennysheep_generic_room_2

Skill      XL: |  1  2  3  4  5  6 |
---------------+-------------------+-----
Ranged Weapons | 5 6 |  6.3
Fighting       | 3 4 |  4.0
Armour         | 1 |  1.9
Dodging        | |  1.6
Stealth        | |  1.1

Action                     |  1- 3 |  4- 6 || total
---------------------------+-------+-------++-------
   Fire: Shortbow          |   125 |   113 ||   238
    Use: Scroll            |     1 |     1 ||     2
         Potion            |       |     2 ||     2
 Armour: Leather armour    |    41 |     7 ||    48
         Ring mail         |       |    45 ||    45
  Dodge: Dodged            |    29 |    39 ||    68

Table legend:
 A = Non-vault XP
 B = Vault XP
 C = Vault XP percentage of total XP
 D = Non-vault monster count
 E = Vault monster count
 F = Vault count percentage of total count
                 A         B        C        D         E       F
            +---------+---------+-------+---------+---------+-------
      Total |     387 |      21 |   5.1 |      58 |       9 |  13.4
            +---------+---------+-------+---------+---------+-------
        D:1 |      27 |      11 |  28.9 |      18 |       6 |  25.0
        D:2 |     183 |       4 |   2.1 |      19 |       1 |   5.0
        D:3 |     177 |       6 |   3.3 |      21 |       2 |   8.7
            +---------+---------+-------+---------+---------+-------
